 Dungeon Crawl Stone Soup version 0.18.1-48-g4cf74bf (webtiles) character file.

576 tyranidshit the Skirmisher (level 7, 0/66 HPs)
             Began as a Deep Dwarf Necromancer on July 12, 2016.
             Killed from afar by an orc wizard (4 damage)
             ... with a puff of frost
             ... on level 5 of the Dungeon.
             The game lasted 00:19:36 (2690 turns).

tyranidshit the Skirmisher (Deep Dwarf Necromancer) Turns: 2690, Time: 00:19:37

Health: 0/66       AC:  3    Str: 12    XL:     7   Next: 13%
Magic:  21/21      EV: 12    Int: 17    God:
Gold:   252        SH:  0    Dex: 13    Spells: 2 memorised, 11 levels left

rFire  . . .     SeeInvis .     q - +1 quarterstaff of the Harvest {flame, MP+9} (curse)
rCold  . . .     Gourm    .     a - +1 robe
rNeg   . . .     Faith    .     (shield currently unavailable)
rPois  .         Spirit   .     (no helmet)
rElec  .         Dismiss  .     (no cloak)
rCorr  .         Reflect  .     (no gloves)
SustAt .         Harm     .     (no boots)
MR     +....                    (no amulet)
Stlth  ++........               (no ring)
                                (no ring)

@: non-regenerating, somewhat resistant to hostile enchantments, unstealthy
A: damage resistance, recharge devices, sense surroundings 1, slow regeneration
3
a: Device Recharging


You were on level 5 of the Dungeon.
You were not hungry.

You visited 1 branch of the dungeon, and saw 6 of its levels.

You collected 252 gold pieces.

Inventory:

Hand Weapons
 e - a +0 dagger
 h - a +1 great mace of venom
 i - a +0 short sword
 q - the cursed +1 quarterstaff of the Harvest (weapon) {flame, MP+9}
   (You found it on level 4 of the Dungeon)

   It has been specially enchanted to burn those struck by it, causing extra
   injury to most foes and up to half again as much damage against particularly
   susceptible opponents.
   It affects your magic capacity (+9).
   It has a curse placed upon it.
Missiles
 m - 4 large rocks
Armour
 a - a +1 robe (worn)
 l - a +0 leather armour
 p - a +0 helmet
Jewellery
 k - an uncursed ring of resist corrosion
Wands
 c - a wand of heal wounds (0/9)
Scrolls
 g - a scroll of teleportation
 o - a scroll of identify
 r - a scroll of remove curse
Potions
 f - a potion of ambrosia
 j - a potion of cure mutation
Books
 b - a book of Necromancy

   Spells                             Type                      Level
   a - Pain                           Necromancy                   1
   b - Animate Skeleton               Necromancy                   1
   c - Vampiric Draining              Necromancy                   3
   d - Regeneration                   Charms/Necromancy            3
   e - Animate Dead                   Necromancy                   4
   f - Control Undead                 Necromancy                   4
Comestibles
 d - a bread ration
 n - 2 meat rations
 s - 3 fruits


   Skills:
 + Level 4.8 Fighting
 - Level 2.1 Dodging
 - Level 2.4 Stealth
 + Level 4.7 Spellcasting
 - Level 4.3 Necromancy


You had 11 spell levels left.
You knew the following spells:

 Your Spells              Type           Power        Failure   Level  Hunger
a - Pain                  Necr           ###.         2%          1    None
b - Vampiric Draining     Necr           ###.......   10%         3    ###....


Dungeon Overview and Level Annotations

Branches:
Dungeon (6/15)
 Temple: D:4-7

Altars:
Gozag
Trog
Vehumet

Annotations:
D:4 TBriggs11TB's ghost, amateur MfGl
D:5 Pikel
D:6 Prince Ribbit


Innate Abilities, Weirdness & Mutations

You are resistant to damage.
You can recharge devices by infusing magical energy.
You passively map a small area around you.
You do not regenerate naturally.


Message History

* * * LOW HITPOINT WARNING * * *
The slave shouts!
The slave closely misses you.
The orc wizard casts a cantrip, but nothing happens.
You see here 5 gold pieces.
You see here 3 fruits.
s - 3 fruits The orc wizard mumbles some strange words.
The orc wizard flickers and vanishes!
The orc wizard gestures wildly while chanting.
The orc wizard seems to speed up.
The slave barely misses you.
The orc wizard casts a spell.
The orc wizard flickers and vanishes!
The ice beast hits you. The ice beast freezes you!
* * * LOW HITPOINT WARNING * * *
You hear some strange, mumbled words.
A puff of frost appears from out of thin air!
The puff of frost hits you!
You die...

, #...# ####..#####
#.........# * #.........#
.#..# #.........## .#.... ####
#..........# .....# ....##*
##.#>.....##* .....# *
#...###Y........... .....# *
#..p.@........##. ,
.....########ap..........#
..........oo$p....###.#### *
.........(.{......#* .# *
...o.##%........#.# ## ,*
...a............#... * * ,
.....................
#a....................
..(###......................p#


You could see an ice beast, 3 slaves, a worker ant and 2 orcs.

Vanquished Creatures
  A phantom (D:6)
  A centaur (D:6)
  A scorpion (D:5)
  A crimson imp (D:6)
  An orc priest (D:6)
  An orc wizard (D:6)
  Jessica (D:3)
  A worker ant (D:4)
  A killer bee zombie (D:6)
  4 gnolls
  6 adders
  An ooze (D:2)
  3 worms (D:2)
  A dart slug (D:1)
  6 giant geckos
  2 orcs
  3 giant cockroaches
  10 goblins
  7 hobgoblins
  9 jackals
  6 kobolds
  A quokka (D:2)
  2 ball pythons
  7 bats
  A giant gecko skeleton (D:4)
  9 giant newts
  A quokka zombie (D:5)
  6 rats
94 creatures vanquished.

Vanquished Creatures (others)
  4 toadstools (D:1)
4 creatures vanquished.

Grand Total: 98 creatures vanquished

Notes
Turn   | Place    | Note
--------------------------------------------------------------
     0 | D:1      | tyranidshit the Deep Dwarf Necromancer began the quest for the Orb.
     0 | D:1      | Reached XP level 1. HP: 15/15 MP: 3/3
   105 | D:1      | Reached skill level 1 in Fighting
   115 | D:1      | Reached XP level 2. HP: 20/25 MP: 0/5
   473 | D:1      | Reached XP level 3. HP: 13/32 MP: 1/6
   556 | D:1      | Learned a level 3 spell: Vampiric Draining
   915 | D:2      | Reached XP level 4. HP: 23/39 MP: 1/8
  1341 | D:3      | Noticed Jessica
  1349 | D:3      | Killed Jessica
  1350 | D:3      | Found an opulent altar of Gozag.
  1422 | D:3      | Gained mutation: You are partially covered in molten scales (AC +1). [potion of beneficial mutation]
  1436 | D:3      | Lost mutation: You are partially covered in molten scales (AC +1). [potion of cure mutation]
  1464 | D:2      | Reached XP level 5. HP: 32/49 MP: 1/9
  2157 | D:4      | Noticed TBriggs11TB's ghost (amateur MfGl)
  2165 | D:4      | Noticed a moth of wrath
  2168 | D:4      | Found a bloodstained altar of Trog.
  2179 | D:4      | Got a transparent quarterstaff
  2184 | D:4      | Identified the cursed +1 quarterstaff of the Harvest {flame, MP+9} (You found it on level 4 of the Dungeon)
  2307 | D:5      | Entered Level 5 of the Dungeon
  2335 | D:5      | Noticed a slave
  2335 | D:5      | Noticed a slave
  2337 | D:5      | Found a radiant altar of Vehumet.
  2338 | D:5      | Noticed a slave
  2344 | D:5      | Noticed Pikel
  2414 | D:5      | Reached XP level 6. HP: 33/57 MP: 7/11
  2433 | D:5      | Noticed an ice beast
  2437 | D:6      | Noticed Prince Ribbit
  2638 | D:6      | Reached XP level 7. HP: 19/66 MP: 11/11
  2690 | D:5      | Killed from afar by an orc wizard

Skill      XL: |  1  2  3  4  5  6 |
---------------+-------------------+-----
Spellcasting   | 2 3 4 |  4.7
Fighting       | 1 2 3 4 |  4.8
Dodging        | |  2.1
Stealth        | |  2.4
Necromancy     | |  4.3

Action                   |  1- 3 |  4- 6 |  7- 9 || total
-------------------------+-------+-------+-------++-------
Melee: Dagger            |    91 |     8 |       ||    99
       Great mace        |       |    65 |       ||    65
       Quarterstaff      |       |    52 |    14 ||    66
 Cast: Pain              |    57 |    18 |       ||    75
       Vampiric Draining |     3 |    23 |       ||    26
 Abil: Device Recharging |       |     2 |       ||     2
Evoke: Wand              |     2 |     9 |       ||    11
  Use: Potion            |       |     7 |       ||     7
       Scroll            |       |    16 |       ||    16
 Stab: Sleeping          |     2 |     1 |       ||     3
  Eat: Bread ration      |     1 |     2 |       ||     3
Armor: Robe              |    20 |    36 |     3 ||    59
Dodge: Dodged            |   111 |   206 |    10 ||   327
